 Dungeon Crawl Stone Soup version 0.21.0-3-g78d12a8 (webtiles) character file.

3532 pokedragonboy the Spear-Bearer (level 10, -4/90 HPs)
             Began as a Hill Orc Fighter on Jan 16, 2018.
             Was a Follower of Yredelemnul.
             Killed by divine providence
             ... invoked by a smoke demon
              (13 damage)
             ... on level 3 of the Abyss.
             The game lasted 00:30:52 (9242 turns).

pokedragonboy the Spear-Bearer (Hill Orc Fighter)   Turns: 9242, Time: 00:30:53

Health: -4/90      AC: 17    Str: 24 (25) XL:     10   Next: 8%
Magic:  14/14      EV:  8    Int:  8      God:    Yredelemnul [*.....]
Gold:   315        SH:  4    Dex: 11      Spells: 9/9 levels left

rFire    . . .     SeeInvis .   H - +0 halberd
rCold    . . .     Gourm    .   (shield currently unavailable)
rNeg     . . .     Faith    .   q - +0 chain mail
rPois    .         Spirit   .   I - +0 helmet
rElec    .         Reflect  +   s - scarf {cloud immunity}
rCorr    .         Harm     .   e - +0 pair of gloves
MR       .....                  C - +0 pair of boots
Stlth    ..........             v - +4 amulet of reflection
HPRegen  0.00/turn              L - +3 ring of protection
MPRegen  0.14/turn              l - +3 ring of strength

@: non-regenerating, diseased
A: no striking features
a: Animate Remains, Renounce Religion


You were on level 3 of the Abyss.
You worshipped Yredelemnul.
Yredelemnul was aware of your devotion.
You were not hungry.

You visited 2 branches of the dungeon, and saw 9 of its levels.
You visited the Abyss 1 time.

You collected 315 gold pieces.

Inventory:

Hand Weapons
 t - a +1 bardiche of protection
 H - a +0 halberd (weapon)
Missiles
 a - 2 throwing nets
 D - 3 exploding tomahawks (quivered)
Armour
 e - a +0 pair of gloves (worn)
 q - a +0 chain mail (worn)
 s - a scarf of cloud immunity (worn)
 C - a +0 pair of boots (worn)
 I - a +0 helmet (worn)
Jewellery
 j - an uncursed ring of see invisible
 l - a +3 ring of strength (right hand)
 v - a +4 amulet of reflection (around neck)
 w - an uncursed ring of protection from magic
 L - a +3 ring of protection (left hand)
Wands
 o - a wand of disintegration (10)
 p - a wand of polymorph (20)
 F - a wand of random effects (27)
Scrolls
 d - a scroll of magic mapping {unknown}
 i - 2 scrolls of teleportation
 n - a scroll of enchant armour
 r - a scroll of immolation
 y - a scroll of fog
 G - a scroll of blinking {unknown}
 J - a scroll of enchant weapon {unknown}
 K - a scroll of summoning {unknown}
Potions
 b - a potion of brilliance {unknown}
 g - a potion of resistance {unknown}
 h - a potion of flight {unknown}
 k - a potion of degeneration
 m - 2 potions of ambrosia
 x - a potion of cancellation {unknown}
 z - 2 potions of haste
 A - 4 potions of curing {unknown}
 B - 2 potions of mutation {unknown}
 E - a potion of magic {unknown}
Books
 c - a book of Callings

   Spells                             Type                      Level
   a - Summon Small Mammal            Summoning                    1
   b - Call Imp                       Summoning                    2
   c - Call Canine Familiar           Summoning                    3
   d - Summon Guardian Golem          Hexes/Summoning              3
   e - Summon Lightning Spire         Summoning/Air                4
   f - Summon Ice Beast               Ice/Summoning                4
 u - a book of Minor Magic

   Spells                             Type                      Level
   a - Magic Dart                     Conjuration                  1
   b - Blink                          Translocation                2
   c - Call Imp                       Summoning                    2
   d - Slow                           Hexes                        2
   e - Conjure Flame                  Conjuration/Fire             3
   f - Mephitic Cloud                 Conjuration/Poison/Air       3
Comestibles
 f - a ration


   Skills:
 + Level 8.7 Fighting
 * Level 10.5 Polearms
 + Level 7.9 Armour
   Level 3.3 Shields
 + Level 6.0 Invocations


You had 9 spell levels left.
You didn't know any spells.

Dungeon Overview and Level Annotations

Branches:
Dungeon (8/15)             Temple (1/1) D:4            Lair (0/6) D:8

Altars:
Ashenzari
Dithmenos
Elyvilon
Fedhas
Gozag
Hepliaklqana
Kikubaaqudgha
Makhleb
Nemelex Xobeh
Okawaru
Qazlal
Ru
Sif Muna
Trog
Uskayaw
Vehumet
Wu Jian
Xom
Yredelemnul
Zin
The Shining One
Lugonu

Shops:
D:6 (   D:8 =

Annotations:
D:7 4 runed doors, exclusion: 4 doors, AllAloneInSpace's ghost, novice DrAE
D:8 4 exclusions


Message History

The troll claws you but does no damage. The white very ugly thing kicks you.
The white very ugly thing freezes you!!
* * * LOW HITPOINT WARNING * * *
Unknown command.
You hit the troll but do no damage.
The troll is heavily wounded.
You block the troll's attack. The troll completely misses you.
The troll claws you but does no damage.
An ancient zyme comes into view.
You puncture the troll!
You kill the troll!
Yredelemnul accepts your kill.
You feel your dexterity returning.
Your life force feels restored.
Your Invocations skill increases to level 6!
The white very ugly thing closely misses you.
The white ugly thing basks in the mutagenic energy from its kin and changes!
The smoke demon gestures at you. Something smites you!
You die...
Your body rises from the dead as a mindless zombie.

#### #. ##
##...####
#.#..ยงยง...#
#...X....#
#.# #@#.....
## #u#.. #
#u# ###
###'## #
#.3uu # ....
##..45.##
##... #
....x..##. ..
.# .......#.
#.#
..'.........
.#.. #


You could see a white very ugly thing, 3 ugly things, an ancient zyme, a large
abomination, a smoke demon, a chaos spawn and a white imp.

Vanquished Creatures
  An ancient zyme (Abyss:3)
  A troll (shapeshifter) (Abyss:3)
  Grinder (D:3)
  A hungry ghost (D:7)
  Edmund (D:5)
  An ice beast (D:5)
  A black bear (D:8)
  2 phantoms
  A centaur (D:6)
  5 ogres
  A crocodile (D:8)
  2 bullfrogs (D:7)
  4 scorpions
  9 wights
  A howler monkey (D:5)
  A bullfrog zombie (D:5)
  5 hounds
  A centaur zombie (D:8)
  4 crimson imps
  4 orc wizards
  Jessica (D:3)
  5 worker ants
  3 iguanas
  A hound zombie (D:5)
  A hound skeleton (D:4)
  A worker ant zombie (D:5)
  A howler monkey zombie (D:5)
  4 gnolls (D:5)
  8 adders
  2 shadow imps
  2 oozes
  An adder zombie (D:8)
  2 worms
  8 dart slugs
  7 leopard geckos
  14 orcs
  5 giant cockroaches
  3 goblins
  5 hobgoblins
  6 jackals
  8 kobolds
  A quokka (D:3)
  4 bats
  6 frilled lizards
  A jackal zombie (D:5)
  A leopard gecko skeleton (D:6)
  A quokka skeleton (D:8)
  6 rats
155 creatures vanquished.

Vanquished Creatures (others)
  A frilled lizard (D:4)
1 creature vanquished.

Grand Total: 156 creatures vanquished

Notes
Turn   | Place    | Note
-------+----------+-------------------------------------------
     0 | D:1      | pokedragonboy the Hill Orc Fighter began the quest for the Orb.
     0 | D:1      | Reached XP level 1. HP: 19/19 MP: 1/1
    46 | D:1      | Reached XP level 2. HP: 10/27 MP: 2/2
   388 | D:1      | Reached skill level 3 in Polearms
   442 | D:1      | Reached XP level 3. HP: 33/33 MP: 3/3
  1205 | D:2      | Reached XP level 4. HP: 40/40 MP: 4/4
  1287 | D:2      | Found a shattered altar of Ashenzari.
  2044 | D:3      | Noticed Jessica
  2049 | D:3      | Killed Jessica
  2049 | D:3      | Reached skill level 4 in Polearms
  2154 | D:3      | Found a faded altar of an unknown god.
  2209 | D:3      | Noticed Grinder
  2226 | D:3      | Paralysed by Grinder for 3 turns
  2239 | D:3      | Killed Grinder
  2239 | D:3      | Reached skill level 5 in Fighting
  2239 | D:3      | Reached skill level 5 in Polearms
  2239 | D:3      | Reached XP level 5. HP: 21/48 MP: 5/5
  2239 | D:3      | Reached XP level 6. HP: 24/56 MP: 6/6
  3320 | D:4      | Reached skill level 5 in Armour
  3320 | D:4      | Reached XP level 7. HP: 58/61 MP: 7/7
  3415 | D:4      | Reached skill level 6 in Polearms
  3481 | D:4      | Found a radiant altar of Vehumet.
  3505 | D:4      | Found a white marble altar of Elyvilon.
  3600 | D:4      | Found a staircase to the Ecumenical Temple.
  3607 | Temple   | Entered the Ecumenical Temple
  3788 | D:2      | Found a deep blue altar of Sif Muna.
  3788 | D:2      | Found a hazy altar of Hepliaklqana.
  4368 | D:5      | Entered Level 5 of the Dungeon
  4573 | D:5      | Reached skill level 7 in Polearms
  4574 | D:5      | Reached XP level 8. HP: 54/71 MP: 8/8
  4867 | D:5      | Found a basalt altar of Yredelemnul.
  4869 | D:5      | Noticed a profane servitor
  4874 | D:5      | Became a worshipper of Yredelemnul the Dark
  4913 | D:5      | Found an opulent altar of Gozag.
  5015 | D:5      | Found a glowing golden altar of the Shining One.
  5017 | D:5      | Noticed an angel
  5419 | D:5      | Reached skill level 1 in Invocations
  5927 | D:5      | Found a shadowy altar of Dithmenos.
  6058 | D:5      | Noticed Edmund
  6091 | D:5      | Killed Edmund
  6091 | D:5      | Reached skill level 8 in Polearms
  6624 | D:5      | Found a burning altar of Makhleb.
  7057 | D:6      | Reached XP level 9. HP: 67/79 MP: 11/11
  7095 | D:6      | Found Beleuq's Antique Weapon Emporium.
  7134 | D:6      | Found a glowing silver altar of Zin.
  7287 | D:6      | Reached skill level 9 in Polearms
  7598 | D:7      | Found a huge runed gate.
  7599 | D:7      | Found a huge runed gate.
  7600 | D:7      | Found a huge runed gate.
  7600 | D:7      | Noticed a manticore
  7600 | D:7      | Noticed a polar bear
  7601 | D:7      | Found a huge runed gate.
  7601 | D:7      | Noticed a polar bear
  7950 | D:7      | Reached * piety under Yredelemnul
  7970 | D:7      | Noticed AllAloneInSpace's ghost (novice DrAE)
  8330 | D:7      | Reached skill level 5 in Invocations
  8608 | D:7      | Found a bloodstained altar of Trog.
  8721 | D:8      | Found Rabar's Jewellery Boutique.
  8755 | D:8      | Found a staircase to the Lair.
  8765 | D:8      | Reached skill level 10 in Polearms
  9091 | D:8      | Noticed a wizard
  9092 | D:8      | Noticed a wizard
  9092 | D:8      | Noticed an orc sorcerer
  9177 | D:8      | Cast into level 3 of the Abyss (a wizard)
  9216 | Abyss:3  | Noticed a white ugly thing
  9216 | Abyss:3  | Noticed a white very ugly thing
  9221 | Abyss:3  | Noticed a smoke demon
  9225 | Abyss:3  | Noticed an ancient zyme
  9225 | Abyss:3  | Noticed a fire crab
  9233 | Abyss:3  | Noticed a white ugly thing
  9233 | Abyss:3  | Noticed a white ugly thing
  9234 | Abyss:3  | Noticed a troll
  9234 | Abyss:3  | a fire crab changed into a troll
  9238 | Abyss:3  | Killed an ancient zyme
  9238 | Abyss:3  | Reached XP level 10. HP: 37/90 MP: 14/14
  9242 | Abyss:3  | Killed from afar by a smoke demon

Skill      XL: |  1  2  3  4  5  6  7  8  9 10 |
---------------+-------------------------------+-----
Polearms       | 3 5 7 8 10 | 10.5
Fighting       | 4 5 6 7 8 |  8.7
Armour         | 4 5 6 7 |  7.9
Invocations    | 3 5 6 |  6.0
Shields        | |  3.3

Action                   |  1- 3 |  4- 6 |  7- 9 | 10-12 || total
-------------------------+-------+-------+-------+-------++-------
Melee: Trident           |   139 |    92 |   152 |       ||   383
       Bardiche          |       |    36 |   103 |       ||   139
       Halberd           |       |       |   291 |     3 ||   294
Throw: Tomahawk          |       |       |     2 |       ||     2
  Use: Scroll            |       |     4 |    11 |       ||    15
       Potion            |       |     1 |     5 |       ||     6
 Stab: Distracted        |       |       |     1 |       ||     1
  Eat: Chunk             |     1 |     7 |     5 |       ||    13
       Ration            |       |       |     9 |       ||     9
Armor: Scale mail        |    54 |    42 |     1 |       ||    97
       Chain mail        |       |       |   276 |     3 ||   279
Dodge: Dodged            |    32 |    44 |   162 |     3 ||   241
Block: Shield            |    54 |    35 |    55 |       ||   144
       Other             |       |       |     9 |     1 ||    10
